 Dungeon Crawl Stone Soup version 0.28.0-45-g0d030f2227 (webtiles) character file.

Game seed: 16718408194452353131

152016 pkoi the Destroyer (level 16, 0/132 HPs)
             Began as a Demigod Conjurer on Apr 5, 2022.
             Constricted to death by an anaconda (2 damage)
             ... on level 2 of the Snake Pit on Apr 6, 2022.
             The game lasted 01:36:17 (53004 turns).

pkoi the Destroyer (Demigod Conjurer)              Turns: 53004, Time: 01:36:18

Health: 0/132      AC:  8    Str:  8    XL:     16   Next: 47%
Magic:  14/37      EV: 13    Int: 40    God:
Gold:   598        SH:  0    Dex: 12    Spells: 2/39 levels left

rFire   + . .      SeeInvis .   f - staff of conjuration
rCold   . . .      Faith    .   (no shield)
rNeg    . . .      Spirit   .   Q - +0 robe {Archmagi}
rPois   .          Reflect  .   R - +2 hat
rElec   .          Harm     .   e - +1 cloak {rCorr}
rCorr   +          Rampage  .   y - +1 pair of gloves
Will    +....      Archmagi +   (no boots)
Stlth   +++.......              J - amulet of magic regeneration
HPRegen 0.32/turn               v - ring of fire
MPRegen 0.65/turn               C - ring of protection from cold

@: slowed, constricted, studying 2 skills, very slow
A: high MP 1, forlorn, divine attributes
a: no special abilities


You were on level 2 of the Snake Pit.
You visited 6 branches of the dungeon, and saw 28 of its levels.

You collected 2838 gold pieces.
You spent 2240 gold pieces at shops.

Inventory:

Hand Weapons
 b - a +0 spear of venom
 c - a +3 whip of electrocution
Missiles
 p - 10 boomerangs of dispersal
 x - 14 curare-tipped darts
 A - 4 throwing nets
Armour
 e - a +1 cloak of preservation (worn)
 r - the +4 robe "Rykkukh" {rPois Will+ Dex+2}
   (You found it on level 3 of the Dungeon)

   Dex:       It affects your dexterity (+2).
   rPois:     It protects you from poison.
   Will:      It increases your willpower.
 y - a +1 pair of gloves (worn)
 Q - a +0 robe of the Archmagi (worn)
 R - a +2 hat (worn)
Magical Staves
 f - a staff of conjuration (weapon)
Jewellery
 a - a ring of resist corrosion
 v - a ring of fire (left hand)
 C - a ring of protection from cold (right hand)
 G - a ring of wizardry
 J - an amulet of magic regeneration (around neck)
 U - the ring of the Middle {rPois AC+4 Str+4 Int+4}
   (You bought it in a shop on level 1 of the Snake Pit)

   [ring of protection]

   AC:        It affects your AC (+4).
   Str:       It affects your strength (+4).
   Int:       It affects your intelligence (+4).
   rPois:     It protects you from poison.
Wands
 z - a wand of iceblast (39)
 B - a wand of paralysis (17)
 D - a wand of acid (9)
 E - a wand of mindburst (23)
 H - a wand of flame (39)
 K - a wand of digging (8)
 P - a wand of polymorph (8)
Scrolls
 m - 13 scrolls of teleportation
 o - 2 scrolls of blinking
 u - 2 scrolls of brand weapon
 w - 3 scrolls of magic mapping
 I - a scroll of enchant armour
 O - 3 scrolls of fog
 S - a scroll of enchant weapon
 T - a scroll of amnesia
Potions
 d - 3 potions of heal wounds
 g - 14 potions of curing {unknown}
 h - a potion of magic
 i - 2 potions of flight
 j - 5 potions of might
 k - 6 potions of invisibility
 l - 4 potions of lignification
 n - a potion of resistance
 q - 2 potions of haste
 s - 5 potions of brilliance
 t - 2 potions of attraction
 F - 2 potions of cancellation
 L - 7 potions of mutation {unknown}
 M - 6 potions of ambrosia
 N - 4 potions of berserk rage


   Skills:
 - Level 9.6 Fighting
 - Level 9.9 Dodging
 - Level 6.0 Stealth
 + Level 12.1 Spellcasting
 - Level 13.0 Conjurations
 - Level 8.0 Hexes
 - Level 6.0 Summonings
 - Level 6.0 Translocations
 - Level 10.4 Fire Magic
 - Level 6.0 Air Magic
 - Level 7.0 Poison Magic
 - Level 6.3 Evocations


You had 2 spell levels left.
You knew the following spells:

 Your Spells              Type           Power      Damage    Failure   Level
a - Magic Dart            Conj           100%       1d8       0%          1
b - Searing Ray           Conj           100%       2d8       0%          2
c - Iskenderun's Mystic   Conj/Tloc      100%       2d19      1%          4
d - Fulminant Prism       Conj/Hex       63%        3d27      1%          4
e - Apportation           Tloc           100%       N/A       1%          1
f - Lightning Bolt        Conj/Air       61%        1d84      1%          5
g - Blink                 Tloc           100%       N/A       1%          2
h - Summon Lightning Spi  Summ/Air       83%        N/A       1%          4
i - Starburst             Conj/Fire      79%        6d20      1%          6
j - Passage of Golubria   Tloc           83%        N/A       1%          4
k - Olgreb's Toxic Radia  Pois           88%        N/A       1%          4

Your spell library contained the following spells:

 Spells                   Type           Power      Damage    Failure   Level
 Foxfire                  Conj/Fire      100%       2x1d9     0%          1
 Beastly Appendage        Tmut           72%        N/A       1%          1
 Shock                    Conj/Air       100%       1d9       1%          1
 Slow                     Hex            100%       N/A       1%          1
 Sting                    Tmut/Pois      100%       1d8       1%          1
 Call Imp                 Summ           83%        N/A       1%          2
 Poisonous Vapours        Pois/Air       100%       N/A       1%          2
 Wereblood                Tmut           36%        N/A       2%          2
 Confusing Touch          Hex            93%        N/A       1%          3
 Conjure Flame            Conj/Fire      100%       6-21      1%          3
 Dazzling Flash           Conj/Hex       100%       N/A       1%          3
 Gell's Gravitas          Tloc           83%        N/A       1%          3
 Ignite Poison            Fire/Tmut/Pois 100%       N/A       1%          3
 Inner Flame              Hex/Fire       100%       N/A       1%          3
 Lesser Beckoning         Tloc           83%        N/A       1%          3
 Mephitic Cloud           Conj/Pois/Air  100%       N/A       1%          3
 Spider Form              Tmut/Pois      68%        N/A       1%          3
 Stone Arrow              Conj/Erth      100%       3d13      1%          3
 Swiftness                Air            83%        N/A       1%          3
 Teleport Other           Tloc           83%        N/A       1%          3
 Airstrike                Air            41%        N/A       1%          4
 Flame Wave               Conj/Fire      100%       2d17      1%          4
 Sticky Flame             Conj/Fire      100%       2d11      1%          4
 Fireball                 Conj/Fire      79%        3d29      1%          5
 Silence                  Hex/Air        44%        N/A       2%          5
 Manifold Assault         Tloc           83%        N/A       3%          5
 Vampiric Draining        Necr           36%        2d8       4%          3
 Animate Armour           Summ/Erth      100%       N/A       4%          4
 Alistair's Intoxication  Tmut/Pois      45%        N/A       10%         5
 Dispersal                Tloc           41%        N/A       19%         6
 Lee's Rapid Deconstruct  Erth           18%        3d12*     36%         5
 Ignition                 Fire           63%        3d17      78%         8
 Storm Form               Tmut/Air       32%        N/A       98%         7
 Disjunction              Tloc           41%        N/A       100%        8
 Lehudib's Crystal Spear  Conj/Erth      53%        10d13     100%        8


Dungeon Overview and Level Annotations

Branches:
Dungeon (14/15)            Temple (1/1) D:6            Lair (6/6) D:9
  Swamp (3/4) Lair:3        Snake (2/4) Lair:3        Slime (0/5) Lair:6
    Orc (2/2) D:11            Elf (0/3) Orc:2        Vaults (0/5) D:14

Shops:
D:8 :   Orc:2 *(:(:   Snake:1 *::=

Annotations:
Lair:5 1 runed translucent door, Mumum's ghost, journeyman DrFE
Snake:1 1 runed translucent door


Innate Abilities, Weirdness & Mutations

You have an increased reservoir of magic. (+10% MP)
You shall have no god before yourself.
Your divine heritage dramatically boosts your attributes as you level up.


Message History

The naga warrior constricts you.
* * * LOW HITPOINT WARNING * * *
Things that are here:
a +0 short sword; a naga corpse
Casting: Iskenderun's Mystic Blast (safe; 1% risk of failure)
Confirm with . or Enter, or press ? or * to list all spells.
Casting: Starburst (dangerous; 1% risk of failure)
Press: ? - help, Dir - look around, f - activate You feel a huge surge of power!
The bolt of fire hits the naga warrior!!!
The naga warrior is almost dead.
The bolt of fire misses the anaconda.
The anaconda bites you!
* * * LOW HITPOINT WARNING * * *
The anaconda closely misses you.
The naga warrior hits you with a +0 dire flail.
* * * LOW HITPOINT WARNING * * *
The naga warrior constricts you.
* * * LOW HITPOINT WARNING * * *
Unknown command.
Unknown command.
Casting: Starburst (dangerous; 1% risk of failure)
Confirm with . or Enter, or press ? or * to list all spells.
Casting: Starburst (dangerous; 1% risk of failure)
Press: ? - help, Dir - look around, f - activate You feel a huge surge of power!
The bolt of fire hits the anaconda!!!
The anaconda is almost dead.
The bolt of fire hits the naga warrior!!!
You kill the naga warrior!
The anaconda grabs you.
The anaconda bites you but does no damage.
The anaconda constricts you.
* * * LOW HITPOINT WARNING * * *
The anaconda bites you!
* * * LOW HITPOINT WARNING * * *
The anaconda constricts you.
* * * LOW HITPOINT WARNING * * *
The anaconda bites you!
* * * LOW HITPOINT WARNING * * *
The anaconda constricts you.
You die...

.## . ..# .. ##
#.####.. #..
#...).### ##...
#........
.....####........
.......#)<#
.......).##
......S@†#
........)#
..####....#
##..... ##.....
##...... #.....
...##


You could see an anaconda.

Vanquished Creatures
  Nikola (Swamp:1)
  Rupert (D:14)
  Gastronok (Orc:1)
  Kirke (Swamp:1)
  A nagaraja (Snake:1)
  An orc warlord (Orc:2)
  Nessos (D:14)
  4 eleionomae
  3 bunyips
  Harold (D:9)
  12 hydras
  3 naga warriors
  2 ghost crabs
  5 ogre magi
  2 boulder beetles
  A centaur warrior (D:13)
  Erica (D:9)
  4 catoblepae
  18 two-headed ogres
  3 anacondas (Snake:1)
  18 death yaks
  A tengu warrior (D:13)
  5 alligators
  An orc high priest (Orc:2)
  4 naga sharpshooters (Snake:1)
  A shock serpent (Snake:1)
  The ghost of WaxSun the Ogre Mage, a novice OgFE of Hepliaklqana (D:7)
  Sonja (D:10)
  Nergalle (Lair:1)
  5 skeletal warriors (D:11)
  3 goliath frogs (Swamp:3)
  A salamander mystic (Snake:2)
  A spriggan druid (Swamp:2)
  A sea snake (Snake:1)
  3 bog bodies
  2 swamp dragons (Swamp:2)
  4 orc knights
  2 naga ritualists (Snake:1)
  Pikel (D:8)
  3 mana vipers (Snake:1)
  3 deep elf pyromancers
  3 orc sorcerers (Orc:2)
  8 ugly things
  5 manticores
  2 will-o-the-wisps
  4 cyclopes
  5 salamanders
  14 black mambas
  A guardian serpent (Snake:2)
  11 elephants
  4 naga magi (Snake:1)
  A gargoyle (D:10)
  7 cane toads
  Psyche (D:8)
  2 unseen horrors
  A kobold demonologist (D:10)
  3 rime drakes
  11 komodo dragons
  A freezing wraith (D:12)
  5 trolls
  A polar bear (Lair:1)
  A bloated husk (Swamp:3)
  4 tyrant leeches
  Prince Ribbit (D:9)
  10 blink frogs
  15 hornets
  4 slime creatures (D:13)
  6 dream sheep (Lair:5)
  A shadow (D:10)
  2 wraiths (D:10)
  54 yaks
  A vampire (D:11)
  16 humans (D:14)
  12 spriggans
  7 hogs (Swamp:1)
  6 wyverns
  7 basilisks
  Grum (Lair:1)
  19 vampire mosquitoes
  2 steam dragons
  The ghost of Ekaitz the Firebug, an amateur DsFE (D:4)
  2 wargs (Orc:2)
  Menkaure (D:4)
  13 swamp worms
  4 nagas
  2 acid dragons (D:11)
  13 water moccasins
  Duvessa (D:5)
  29 orc warriors
  4 swamp drakes
  3 black bears (Lair:1)
  An ice beast (D:8)
  2 sky beasts
  4 necrophages
  32 ogres
  7 centaurs
  24 wolves
  A lemure (D:8)
  2 kobold brigands
  A phantom (D:7)
  Blork the orc (D:4)
  2 scorpions
  A wyvern zombie (D:6)
  9 bullfrogs
  A water moccasin zombie (D:5)
  3 gnoll sergeants (D:10)
  A wyvern skeleton (D:5)
  Dowan (D:5)
  4 killer bees (D:9)
  4 electric eels
  3 wights
  7 howler monkeys
  A crimson imp (D:11)
  A bullfrog zombie (D:6)
  11 centaur zombies
  7 hounds
  Crazy Yiuf (D:3)
  22 orc priests
  2 centaur skeletons
  An iron imp (D:11)
  5 jellies
  4 iguanas
  Ijyb (D:4)
  Natasha (thrice) (D:3)
  28 orc wizards
  6 hell rats (Lair:1)
  A killer bee zombie (D:7)
  A hound skeleton (D:4)
  3 mummies (D:12)
  3 howler monkey zombies (D:10)
  Robin (D:4)
  13 gnolls
  5 adders (D:2)
  A shadow imp (D:11)
  2 white imps
  2 ufetubi (D:5)
  2 adder skeletons (D:4)
  A dart slug (D:1)
  109 orcs
  3 ball pythons
  3 endoplasms
  6 giant cockroaches
  16 goblins
  7 hobgoblins
  A quokka (D:1)
  5 bats
  A frilled lizard (D:1)
  14 kobolds
  7 rats
  A spectral hobgoblin (D:1)
  A bush (Snake:1)
  2 fulminant prisms
875 creatures vanquished.

Vanquished Creatures (collateral kills)
  A death yak (Lair:5)
  2 spriggans
  A swamp drake (Swamp:2)
4 creatures vanquished.

Vanquished Creatures (others)
  A bloated husk (Swamp:3)
  A yak (Lair:6)
  A vampire mosquito (Swamp:1)
  6 foxfires
  320 fulminant prisms
  81 fungi
  137 plants
  3 withered plants (D:12)
550 creatures vanquished.

Grand Total: 1429 creatures vanquished

Notes
Turn   | Place    | Note
-------+----------+-------------------------------------------
     0 | D:1      | pkoi the Demigod Conjurer began the quest for the Orb.
     0 | D:1      | Reached XP level 1. HP: 14/14 MP: 5/5
   266 | D:1      | Reached skill level 4 in Conjurations
   361 | D:1      | Reached XP level 2. HP: 20/20 MP: 1/7
  1382 | D:1      | Learned a level 2 spell: Searing Ray
  1536 | D:2      | Reached XP level 3. HP: 24/26 MP: 2/8
  1902 | D:2      | Reached skill level 5 in Conjurations
  2186 | D:2      | Reached XP level 4. HP: 33/33 MP: 6/9
  2477 | D:3      | Noticed Natasha
  2480 | D:3      | Killed Natasha
  2784 | D:3      | Identified the +4 robe "Rykkukh" {rPois Will+ Dex+2}
  2986 | D:3      | Noticed Natasha
  3692 | D:3      | Killed Natasha
  3693 | D:3      | Reached skill level 6 in Conjurations
  3693 | D:3      | Reached XP level 5. HP: 38/38 MP: 3/10
  3786 | D:3      | Found a runed translucent door.
  3787 | D:3      | Noticed Crazy Yiuf
  3824 | D:3      | Noticed Natasha
  3826 | D:3      | Killed Natasha
  4165 | D:3      | Killed Crazy Yiuf
  4324 | D:4      | Noticed Blork the orc
  4331 | D:4      | Killed Blork the orc
  4589 | D:3      | Learned a level 4 spell: Iskenderun's Mystic Blast
  4590 | D:4      | Noticed Ijyb
  4617 | D:4      | Noticed Menkaure
  4618 | D:4      | Noticed an ogre
  4621 | D:4      | Killed Menkaure
  4622 | D:4      | Reached skill level 7 in Conjurations
  4622 | D:4      | Reached skill level 1 in Translocations
  4622 | D:4      | Reached XP level 6. HP: 24/45 MP: 4/12
  4964 | D:4      | Noticed Robin
  4993 | D:4      | Killed Robin
  5704 | D:4      | Found a transporter.
  5704 | D:4      | Found a transporter.
  5725 | D:4      | Reached XP level 7. HP: 50/50 MP: 9/13
  6218 | D:5      | Entered Level 5 of the Dungeon
  6454 | D:5      | Learned a level 4 spell: Fulminant Prism
  6698 | D:5      | Reached skill level 1 in Fighting
  6698 | D:5      | Reached skill level 1 in Evocations
  7300 | D:5      | Reached skill level 1 in Hexes
  7301 | D:5      | Reached XP level 8. HP: 59/59 MP: 7/15
  7313 | D:5      | Noticed Dowan
  7898 | D:6      | Reached skill level 8 in Conjurations
  9366 | D:6      | Found a staircase to the Ecumenical Temple.
  9382 | Temple   | Entered the Ecumenical Temple
 10150 | D:5      | Noticed Duvessa
 10164 | D:5      | Killed Dowan
 10167 | D:5      | Killed Duvessa
 10637 | D:7      | Found a transporter.
 10637 | D:7      | Noticed WaxSun's ghost (novice OgFE)
 10639 | D:7      | Noticed a manticore
 10640 | D:7      | Found a transporter.
 11069 | D:7      | Reached XP level 9. HP: 67/67 MP: 2/18
 11270 | D:6      | Learned a level 1 spell: Apportation
 11448 | D:7      | Reached skill level 9 in Conjurations
 12238 | D:4      | Noticed Ekaitz's ghost (amateur DsFE)
 12352 | D:4      | Killed Ekaitz's ghost
 12721 | D:4      | Found a transporter.
 12721 | D:4      | Found a transporter.
 12856 | D:4      | Killed Ijyb
 13453 | D:8      | Reached skill level 1 in Poison Magic
 14184 | D:8      | Noticed Psyche
 14344 | D:8      | Noticed Pikel
 14351 | D:8      | Killed Pikel
 14352 | D:8      | Reached skill level 5 in Translocations
 14508 | D:8      | Found Runte's Book Boutique.
 15025 | D:8      | Found Runte's Book Boutique.
 15190 | D:8      | Killed Psyche
 15529 | D:9      | Found a staircase to the Lair.
 15603 | D:9      | Noticed Prince Ribbit
 15611 | D:9      | Killed Prince Ribbit
 15612 | D:9      | Reached XP level 10. HP: 72/77 MP: 3/19
 15616 | D:9      | Noticed a two-headed ogre
 15747 | D:9      | Noticed Erica
 15753 | D:9      | Noticed Harold
 15753 | D:9      | Noticed a deep elf pyromancer
 15755 | D:9      | Killed Erica
 15930 | D:9      | Killed Harold
 16130 | D:9      | Killed a deep elf pyromancer
 16695 | D:9      | Killed a two-headed ogre
 16696 | D:9      | Reached skill level 5 in Dodging
 16696 | D:9      | Reached skill level 5 in Hexes
 16696 | D:9      | Reached skill level 5 in Poison Magic
 17797 | D:10     | Entered Level 10 of the Dungeon
 17862 | Lair:1   | Entered Level 1 of the Lair of Beasts
 18109 | Lair:1   | Reached skill level 10 in Conjurations
 18295 | Lair:1   | Reached skill level 5 in Fighting
 18415 | Lair:1   | Noticed Grum
 18420 | Lair:1   | Reached XP level 11. HP: 86/86 MP: 7/20
 18421 | Lair:1   | Killed Grum
 19748 | Lair:1   | Noticed Nergalle
 19751 | Lair:1   | Killed Nergalle
 21427 | Lair:2   | Noticed a five-headed hydra
 21834 | Lair:2   | Reached skill level 11 in Conjurations
 21946 | Lair:2   | Got the Almanac of the Dislocated Arsonist
 22010 | Lair:2   | Killed a five-headed hydra
 23302 | Lair:3   | Reached XP level 12. HP: 66/100 MP: 5/21
 23591 | Lair:3   | Found a staircase to the Snake Pit.
 23773 | Lair:2   | Learned a level 5 spell: Lightning Bolt
 24188 | Lair:3   | Reached skill level 1 in Air Magic
 24490 | Lair:3   | Found a staircase to the Swamp.
 25479 | Lair:4   | Noticed a catoblepas
 25491 | Lair:3   | Killed a catoblepas
 25685 | Lair:3   | Learned a level 2 spell: Blink
 25736 | Lair:4   | Reached skill level 5 in Spellcasting
 26862 | Lair:4   | Noticed an eight-headed hydra
 27148 | Lair:4   | Learned a level 4 spell: Summon Lightning Spire
 27206 | Lair:4   | Killed an eight-headed hydra
 27526 | Lair:4   | Reached skill level 1 in Summonings
 27988 | Lair:4   | Noticed an eight-headed hydra
 28000 | Lair:4   | Killed an eight-headed hydra
 28667 | Lair:4   | Noticed a seven-headed hydra
 28678 | Lair:4   | Killed a seven-headed hydra
 28679 | Lair:4   | Reached XP level 13. HP: 106/106 MP: 9/28
 30717 | Lair:5   | Found a runed translucent door.
 30717 | Lair:5   | Noticed Mumum's ghost (journeyman DrFE)
 30776 | Lair:5   | Reached skill level 5 in Air Magic
 31525 | Lair:6   | Entered Level 6 of the Lair of Beasts
 31973 | Lair:6   | Reached skill level 5 in Summonings
 32590 | Lair:5   | Learned a level 6 spell: Starburst
 33131 | Lair:6   | Found a staircase to the Slime Pits.
 33223 | Lair:6   | Reached skill level 1 in Fire Magic
 34687 | Lair:6   | Reached XP level 14. HP: 94/114 MP: 12/31
 34966 | D:10     | Noticed Sonja
 34973 | D:10     | Killed Sonja
 35230 | D:10     | Reached skill level 12 in Conjurations
 37521 | D:11     | Reached skill level 5 in Fire Magic
 37806 | D:11     | Identified the +3 scale mail of Evolution {+Inv rN++}
 37960 | D:11     | Found a staircase to the Orcish Mines.
 38556 | D:11     | Identified the +3 spear of Diho {spect, Dex+4}
 39054 | D:12     | You fall into a shaft and drop 2 floors!
 39054 | D:14     | Noticed Nessos
 39054 | D:14     | Noticed Rupert
 39054 | D:14     | Found a gate to the Vaults.
 39062 | D:14     | Killed Nessos
 39062 | D:14     | Killed Rupert
 39063 | D:14     | Reached skill level 10 in Spellcasting
 41124 | D:7      | Killed WaxSun's ghost
 41390 | Swamp:1  | Entered Level 1 of the Swamp
 41394 | Swamp:1  | Reached XP level 15. HP: 121/121 MP: 22/34
 41764 | Swamp:1  | Noticed Kirke
 41773 | Swamp:1  | Killed Kirke
 42473 | Swamp:1  | Noticed Nikola
 42493 | Swamp:1  | Killed Nikola
 43437 | Swamp:2  | Reached skill level 10 in Fire Magic
 44039 | Swamp:2  | Reached skill level 13 in Conjurations
 44318 | Swamp:2  | Learned a level 4 spell: Passage of Golubria
 46568 | Snake:1  | Entered Level 1 of the Snake Pit
 46682 | Snake:1  | Reached skill level 5 in Stealth
 47230 | Snake:1  | Noticed a nagaraja
 47240 | Snake:1  | Reached skill level 5 in Evocations
 47242 | Snake:1  | Killed a nagaraja
 47990 | Snake:1  | Found Vewouheb's Jewellery Shoppe.
 47990 | Snake:1  | Found Buticwemm's Book Boutique.
 47991 | Snake:1  | Found Noniurr's Book Boutique.
 48639 | Snake:1  | Bought a Young Poisoner's Handbook for 400 gold pieces
 48658 | Snake:1  | Found Uddyhyto's Mass Market.
 48671 | Snake:1  | Reached XP level 16. HP: 132/132 MP: 9/36
 49258 | Snake:1  | Found a runed translucent door.
 49626 | Orc:1    | Entered Level 1 of the Orcish Mines
 49974 | Orc:2    | Entered Level 2 of the Orcish Mines
 50354 | Orc:1    | Learned a level 4 spell: Olgreb's Toxic Radiance
 50606 | Orc:2    | Found Cofyc's Self-Improvement Boutique.
 51632 | Orc:2    | Bought a manual of Spellcasting for 1200 gold pieces
 51672 | Orc:1    | Noticed Gastronok
 51682 | Orc:1    | Killed Gastronok
 52040 | Orc:2    | Found a staircase to the Elven Halls.
 52095 | Orc:2    | Found Odadod's Antique Weapon Emporium.
 52095 | Orc:2    | Found Abliathru's Book Boutique.
 52096 | Orc:2    | Found Sonat's Weapon Boutique.
 52096 | Orc:2    | Found Wapew's Assorted Antiques.
 52366 | Snake:1  | Bought the ring of the Middle {rPois AC+4 Str+4 Int+4} for
                  | 640 gold pieces
 53004 | Snake:2  | HP: 2/132 [anaconda (14)]
 53004 | Snake:2  | Constricted to death by an anaconda

Illustrated notes

Levels and vault maps discovered:
D:1:      psy_arrival_statuary, layout_basic,
          dreamdust_ecumenical_altar_drowned_temple
D:2:      layout_loops_ring
D:3:      layout_basic, grunt_temple_overflow_diamond, chequers_big_river,
          uniq_natasha, uniq_crazy_yiuf_cottage
D:4:      layout_cave_pools, kennysheep_orc_sif_temple,
          gammafunk_ghost_gnarly_gnolls, hangedman_decor_clover_reticule,
          uniq_ijyb, uniq_robin, uniq_blork_the_orc, uniq_menkaure
D:5:      layout_basic, mainiacjoe_overflow_catwalk, nicolae_ru_path_of_blood,
          chequers_jeans, uniq_duvessa
D:6:      layout_basic, minmay_temple_entry_offerings, grunt_ministairs_5
D:7:      layout_rooms, general_overflow_altar, gammafunk_ghost_arena,
          chequers_serial_rivers_room_a
D:8:      layout_loops_ring, serial_shops, shop, uniq_pikel, uniq_psyche
D:9:      layout_loops_ring, kiku_gazebo_pond_becter, lair_entry_dummy,
          nicolae_underground_beach, uniq_prince_ribbit1, uniq_erica,
          uniq_harold
D:10:     cheibrodos_ideogram_h, layout_basic, minivault_4, uniq_sonja
D:11:     layout_basic, erik_orc_1, hangedman_minor_magic
D:12:     layout_roguey [special_room_orc], special_room [special_room_orc],
          serial_undead, serial_undead_e, serial_undead_f, serial_undead_d,
          serial_undead_b, serial_undead_e, serial_undead_c, serial_undead_d
D:13:     layout_irregular_city, st_stairs_3, chequers_serial_rivers_small_b
D:14:     layout_irregular_city, david_vaults_3, uniq_jorgrun
Temple:   eino_narrow_crystal_temple
Lair:1:   layout_roguey, beast_lair_carwin_6, uniq_nergalle, uniq_grum
Lair:2:   layout_gridlike
Lair:3:   beast_lair_carwin_large_3, layout_small_grid,
          skrybe_swamp_entry_bodies, dummy_snake_entry, grunt_megastairs_3
Lair:4:   layout_small_grid, hangedman_lair_generics_rect
Lair:5:   layout_cave_pods, hellmonk_ghost_happy_afterlife, lemuel_fruit_tree
Lair:6:   evilmike_catoblepas_cave, layout_gridlike,
          dpeg_slime_entry_enclosed_altar, nicolae_quartered_pool_impasse
Swamp:1:  layout_falls_marsh, nicolae_swamp_fairy_circle,
          infiniplex_staircase_pool_2, uniq_kirke, uniq_nikola
Swamp:2:  layout_basic_swamp, hangedman_swamp_cone, infiniplex_staircase_pool
Swamp:3:  layout_falls_marsh, evilmike_swamp_ruin_house_2
Snake:1:  cheibrodos_toxic_ritual, layout_basic, minmay_shop_mass,
          nicolae_snake_shapes, minmay_shop_grove
Snake:2:  layout_layer_cave, basic_altar, uniq_aizul
Orc:1:    layout_diamond_mine, uniq_gastronok
Orc:2:    st_orc_ogre_mass, layout_diamond_mine, nicolae_shop_self_help

Skill      XL: |  1  2  3  4  5  6  7  8  9 10 11 12 13 14 15 16 |
---------------+-------------------------------------------------+-----
Conjurations   | 4 5 6 7 8 9 10 11 12 13 | 13.0
Spellcasting   | 2 3 4 7 9 10 11 12 | 12.1
Translocations | 1 2 3 4 5 6 |  6.0
Dodging        | 2 3 4 5 7 8 9 |  9.9
Stealth        | 2 3 5 6 |  6.0
Fighting       | 1 2 3 5 7 9 |  9.6
Evocations     | 1 2 3 5 6 |  6.3
Hexes          | 1 3 4 5 7 8 |  8.0
Poison Magic   | 3 5 7 |  7.0
Air Magic      | 3 6 |  6.0
Summonings     | 2 6 |  6.0
Fire Magic     | 2 8 10 | 10.4

Action                   |  1- 3 |  4- 6 |  7- 9 | 10-12 | 13-15 | 16-18 || total
-------------------------+-------+-------+-------+-------+-------+-------++-------
Melee: Spear             |    11 |       |       |       |       |       ||    11
       Whip              |     9 |       |       |       |       |       ||     9
       Staff             |       |     2 |    12 |    12 |     6 |     3 ||    35
 Cast: Magic Dart        |    69 |    83 |    93 |   117 |   110 |    72 ||   544
       Searing Ray       |       |    12 |    31 |       |     3 |       ||    46
       Iskenderun's Myst |       |       |    37 |   159 |   222 |    44 ||   462
       Fulminant Prism   |       |       |    27 |    98 |   172 |    26 ||   323
       Apportation       |       |       |     1 |     1 |       |       ||     2
       Lightning Bolt    |       |       |       |     2 |       |       ||     2
       Summon Lightning  |       |       |       |       |    14 |       ||    14
       Starburst         |       |       |       |       |   147 |    58 ||   205
       Olgreb's Toxic Ra |       |       |       |       |       |     2 ||     2
Evoke: Wand              |       |       |       |     1 |       |       ||     1
  Use: Scroll            |       |     9 |     6 |     3 |    10 |       ||    28
Armor: Robe              |     9 |    11 |    29 |    31 |    57 |     9 ||   146
Dodge: Dodged            |    15 |    13 |    53 |    68 |   129 |    41 ||   319
